 Dungeon Crawl Stone Soup version 0.22.0 (webtiles) character file.

180154 Jannitor the Brawler (level 17, -8/175 HPs)
             Began as a Troll Chaos Knight on Aug 10, 2018.
             Killed by the raging water
             ... invoked by a water nymph
              (20 damage)
             ... on level 4 of the Shoals on Aug 11, 2018.
             The game lasted 01:17:50 (26995 turns).

Jannitor the Brawler (Troll Chaos Knight)          Turns: 26995, Time: 01:17:50

Health: -8/175     AC: 17    Str: 32    XL:     17   Next: 63%
Magic:  3/16       EV: 18    Int:  8    God:    Xom [*.....]
Gold:   1300       SH: 21    Dex: 21    Spells: 16/16 levels left

rFire    + . .     SeeInvis +     - Unarmed
rCold    + + .     Gourm    +   L - +0 large shield of Zarut {rC+ Str+3 Stlth+}
rNeg     . . .     Faith    .   R - +0 acid dragon scales
rPois    .         Spirit   .   H - +2 hat {MR+}
rElec    .         Reflect  .   T - +2 cloak {MR+}
rCorr    +         Harm     .   (gloves unavailable)
MR       +++..     Clarity  +   (boots unavailable)
Stlth    +++.......             (no amulet)
HPRegen  0.79/turn              z - ring of protection from fire
MPRegen  0.15/turn              o - +6 ring of slaying

@: mighty, agile, lethally poisoned (-8 -> -11), hasted, quick
A: large, unfitting armour, claws 3, see invisible, agile 1, clarity, cold
resistance 1, fast metabolism 3, gourmand, sense surroundings 1, regeneration 1,
shaggy fur 2, tough skin 2, wild magic 1, sturdy frame 1
a: Renounce Religion


You were on level 4 of the Shoals.
You worshipped Xom.
You were a special plaything of Xom.
You were full.

You visited 5 branches of the dungeon, and saw 28 of its levels.
You visited 1 bazaar.
You also visited: Sewer and Bailey.

You collected 4120 gold pieces.
You spent 2820 gold pieces at shops.

Inventory:

Missiles
 x - 31 tomahawks of returning
 A - 31 large rocks (quivered)
 C - 5 throwing nets
Armour
 g - a scarf of spirit shield
 D - a +0 troll leather armour
 H - a +2 hat of magic resistance (worn)
 L - the +0 large shield of Zarut (worn) {rC+ Str+3 Stlth+}
   (You acquired it on level 13 of the Dungeon)

   It affects your strength (+3).
   It protects you from cold.
   It makes you more stealthy.
 R - +0 acid dragon scales (worn)
 T - a +2 cloak of magic resistance (worn)
Jewellery
 a - an uncursed ring of ice
 o - a +6 ring of slaying (right claw)
 p - an uncursed ring of magical power
 v - a +2 ring of strength
 z - a ring of protection from fire (left claw)
 F - a +2 ring of dexterity
 G - an uncursed ring of stealth
 O - an uncursed amulet of guardian spirit
 Q - an uncursed ring of positive energy
Wands
 f - a wand of enslavement (24)
 n - a wand of flame (10)
 t - a wand of random effects (26)
 w - a wand of paralysis (9)
 y - a wand of polymorph (42)
 B - a wand of iceblast (10)
 E - a wand of disintegration (45)
 M - a wand of acid (3)
Scrolls
 e - 7 scrolls of remove curse
 h - 19 scrolls of identify
 q - 5 scrolls of fog
 s - a scroll of enchant armour
 u - a scroll of amnesia
 K - 2 scrolls of teleportation
Potions
 c - 4 potions of haste
 i - 4 potions of brilliance
 j - a potion of cancellation
 k - 4 potions of magic
 m - a potion of agility
 r - 6 potions of curing
 I - a potion of heal wounds
 J - a potion of berserk rage
 N - a potion of flight
 P - a potion of resistance
Comestibles
 b - 45 rations


   Skills:
 + Level 12.4 Fighting
 + Level 12.8 Throwing
 + Level 6.6 Armour
 - Level 6.1 Dodging
 + Level 11.8 Shields
 + Level 15.8 Unarmed Combat


You had 16 spell levels left.
You didn't know any spells.
Your spell library contained the following spells:

 Spells                   Type           Power        Failure   Level  Hunger
 Magic Dart               Conj           #...         73%         1    ##.....
 Confuse                  Hex            #.......     97%         3    ####...
 Iskenderun's Mystic Bla  Conj           #.......     100%        4    #####..
 Regeneration             Chrm/Necr      #.........   97%         3    ####...
 Stone Arrow              Conj/Erth      #.....       97%         3    ####...
 Deflect Missiles         Chrm/Air       #.........   100%        6    #######
 Confusing Touch          Hex            #.....       73%         1    ##.....
 Passwall                 Tmut/Erth      #.......     86%         2    ###....
 Metabolic Englaciation   Hex/Ice        #.........   100%        5    ######.
 Silence                  Hex/Air        #.........   100%        5    ######.
 Lee's Rapid Deconstruct  Erth           #.........   100%        5    ######.
 Sandblast                Erth           #.....       73%         1    ##.....
 Conjure Ball Lightning   Conj/Air       #.........   100%        6    #######
 Petrify                  Tmut/Erth      #.......     100%        4    #####..
 Tornado                  Air            #.........   100%        9    #######
 Shroud of Golubria       Chrm/Tloc      #.........   86%         2    ###....
 Fulminant Prism          Conj/Hex       #.........   100%        4    #####..
 Dazzling Spray           Conj/Hex       #.....       97%         3    ####...
 Force Lance              Conj/Tloc      #.......     100%        4    #####..
 Infusion                 Chrm           #...         73%         1    ##.....
 Song of Slaying          Chrm           #.......     86%         2    ###....
 Spectral Weapon          Hex/Chrm       #.......     97%         3    ####...
 Searing Ray              Conj           #.....       86%         2    ###....
 Summon Lightning Spire   Summ/Air       #.......     100%        4    #####..
 Gell's Gravitas          Tloc           #.........   97%         3    ####...
 Yara's Violent Unravell  Hex/Tmut       #.........   100%        5    ######.


Dungeon Overview and Level Annotations

Branches:
Dungeon (15/15) Temple (1/1) D:5 Lair (6/6) D:9 Shoals (4/4) Lair:3 Snake (0/4) Lair:2 Slime (0/5) Lair:5 Orc (2/2) D:12 Elf (0/3) Orc:2 Vaults (0/5) D:13 D:14 Depths (0/5) D:15

Altars:
Ashenzari
Cheibriados
Dithmenos
Elyvilon
Fedhas
Gozag
Hepliaklqana
Kikubaaqudgha
Makhleb
Nemelex Xobeh
Okawaru
Qazlal
Ru
Sif Muna
Trog
Uskayaw
Vehumet
Wu Jian
Xom
Yredelemnul
Zin
The Shining One
Beogh
Jiyva

Shops:
D:4 [   D:12 %   Orc:1 (   Orc:2 =[(*

Annotations:
Lair:1 exclusion: 3 doors
Lair:4 exclusion: 2 oklob plants


Innate Abilities, Weirdness & Mutations

You are too large for most types of armour.
You have claws for hands.
Your metabolism is lightning-fast.
You like to eat raw meat.
Your natural rate of healing is unusually fast.
You are covered in thick fur. (AC +2)
You have very tough skin. (AC +2)
You have supernaturally acute eyesight. (SInv)
You are agile. (Dex +2)
You possess an exceptional clarity of mind.
Your flesh is cold resistant. (rC+)
You passively map a small area around you.
Your spells are a little harder to cast, but a little more powerful.
Your movements are slightly less encumbered by armour. (ER -2)


Message History

The water nymph casts a spell at you. The water swirls and strikes you!
* * * LOW HITPOINT WARNING * * *
Unknown command.
You feel sick.
A harpy comes into view.
The merfolk javelineer throws a silver javelin.
You block the silver javelin.
You hear a splash.
The merfolk javelineer throws a steel javelin.
You block the steel javelin.
The merfolk siren chants a haunting song.
You are unaffected.
The water nymph casts a spell at you. The water swirls and strikes you!
* * * LOW HITPOINT WARNING * * *
The water nymph gestures at you while chanting.
The water swirls and strikes you!
You die...
Xom bursts into laughter!

≈#≈≈≈≈≈≈≈≈≈# , , * ≈≈
##≈≈≈≈≈≈≈≈≈#≈≈≈≈ ≈≈≈≈
#≈≈≈≈≈≈≈≈≈≈##≈H≈*#≈≈≈≈≈
≈≈.≈≈≈≈≈)≈≈≈##H##≈≈≈≈≈≈ ≈≈≈
≈≈.≈≈≈≈≈≈≈≈≈(≈m≈≈≈≈≈≈≈≈ ≈
...≈≈≈≈≈.)..≈≈m≈≈≈≈≈≈≈≈ ≈≈≈≈≈≈
...≈≈≈..)....≈≈≈≈≈≈≈≈≈ ≈≈≈≈≈≈
,
.......<..)..§§m≈≈≈#####≈≈≈≈≈≈
≈≈≈=....)....@§§≈≈##≈≈≈##≈≈≈≈≈
≈≈≈≈.........§§≈≈≈#≈≈≈≈≈#≈≈≈≈≈
.#####......≈≈≈((≈mm≈φ≈≈#.≈≈≈≈
≈ , ,##....≈≈≈≈≈≈(#)≈≈≈≈#≈≈≈≈≈
, #..≈≈≈≈≈≈≈≈≈##≈≈≈##.≈≈≈≈
#..≈≈≈≈≈≈≈≈≈†#####...≈≈≈ * ≈ ≈
#..≈m≈≈≈≈≈≈.........#.## ≈
#.≈≈≈≈≈≈≈≈≈.(.......###, +
*..≈≈≈≈≈≈≈≈≈.........##,


You could see a merfolk impaler, 2 merfolk javelineers, a manticore, a merfolk
siren, 2 water nymphs and a harpy.

Vanquished Creatures
  Rupert (D:14)
  Gastronok (Lair:3)
  Frances (D:12)
  Kirke (Lair:6)
  Nessos (D:14)
  Azrael (D:15)
  2 merfolk javelineers (Shoals:4)
  3 merfolk impalers
  7 hydras
  2 merfolk avatars
  2 centaur warriors
  Harold (D:9)
  2 merfolk aquamancers
  4 death yaks (Lair:5)
  13 two-headed ogres
  A death knight (D:15)
  An ogre mage (D:14)
  2 satyrs
  3 orc high priests (Orc:2)
  Sonja (Lair:6)
  6 skeletal warriors
  6 sea snakes
  3 wizards
  2 unseen horrors
  Pikel (D:9)
  6 orc knights
  2 harpies (Shoals:1)
  5 orc sorcerers
  A necromancer (D:14)
  9 fauns
  A mana viper (D:15)
  7 manticores
  8 ugly things
  4 deep elf magi
  11 cyclopes
  10 merfolk sirens
  7 elephants
  4 water nymphs
  Psyche (D:9)
  4 black mambas
  A gargoyle (D:15)
  21 spiny frogs
  5 centaur skeletons
  5 yaktaurs (D:15)
  3 kobold demonologists (D:10)
  A rime drake (Lair:3)
  2 freezing wraiths
  7 komodo dragons
  A tengu conjurer (D:10)
  2 harpy zombies (D:15)
  9 trolls
  4 wind drakes
  10 merfolk
  A polar bear (Lair:5)
  Grinder (D:3)
  3 tyrant leeches (Lair:6)
  23 blink frogs
  16 dream sheep
  4 snapping turtles
  4 slime creatures
  A hippogriff (shapeshifter) (D:14)
  A harpy skeleton (D:15)
  10 hippogriffs
  A meliai zombie (D:13)
  2 vampires
  7 water elementals
  37 yaks
  A wraith (D:15)
  2 centaur simulacra
  3 basilisks
  5 fire elementals
  5 hogs (Lair:6)
  A steam dragon (D:12)
  16 humans
  2 hungry ghosts
  Edmund (D:4)
  A spatial vortex (Shoals:1)
  5 vampire mosquitoes
  2 wargs (Orc:1)
  3 nagas (Lair:2)
  11 water moccasins
  2 acid dragons
  3 soldier ants
  5 hell hounds
  10 porcupines
  35 orc warriors
  4 black bears
  6 ice beasts
  A slave (D:9)
  2 eyes of draining
  3 sky beasts
  15 ogres
  7 wolves
  14 centaurs
  14 crocodiles
  5 big kobolds
  22 bullfrogs
  A wyvern zombie (D:15)
  2 wyvern skeletons
  6 scorpions
  6 killer bees
  12 electric eels
  3 wights (D:12)
  2 howler monkeys
  7 crimson imps
  6 bullfrog zombies
  4 centaur zombies
  17 orc priests
  10 hounds
  6 jellies
  A quasit (D:7)
  3 bullfrog skeletons
  21 orc wizards
  2 iguanas
  8 worker ants
  2 hound zombies
  2 hound skeletons
  A howler monkey zombie (D:6)
  Robin (D:2)
  11 gnolls
  11 adders
  3 river rats
  5 shadow imps
  4 oozes
  2 adder skeletons
  An adder zombie (D:5)
  6 worms
  2 dart slugs (D:3)
  9 leopard geckos
  86 orcs
  3 ball pythons
  3 bat zombies (D:2)
  5 giant cockroaches
  20 goblins
  12 hobgoblins
  17 jackals
  6 quokkas
  8 bats
  7 frilled lizards
  A jackal skeleton (D:6)
  32 kobolds
  2 leopard gecko zombies
  A quokka zombie (D:6)
  13 rats
  2 rat zombies (D:2)
  2 fungi
  2 plants
935 creatures vanquished.

Vanquished Creatures (collateral kills)
  A hydra (Lair:2)
  An orc knight (Bailey)
  An ugly thing (D:11)
  A spiny frog (Lair:3)
  A tyrant leech (Lair:6)
  3 blink frogs (Lair:1)
  A hippogriff (Lair:3)
  2 yaks (Lair:3)
  A wraith (D:15)
  A vampire mosquito (Lair:6)
  A wolf (Lair:3)
  A leopard gecko (Bailey)
  3 kobolds (D:12)
18 creatures vanquished.

Vanquished Creatures (others)
  A harpy (Shoals:4)
  A spiny frog (Lair:6)
  A blink frog (Lair:5)
  A merfolk (Shoals:4)
  4 yaks (Lair:5)
  A water moccasin (Lair:6)
  A sky beast (D:15)
  2 slaves (D:9)
  A bush (Lair:3)
  7 fungi
  52 plants
72 creatures vanquished.

Grand Total: 1025 creatures vanquished

Notes
Turn   | Place    | Note
-------+----------+-------------------------------------------
     0 | D:1      | Jannitor the Troll Chaos Knight began the quest for the Orb.
     0 | D:1      | Reached XP level 1. HP: 22/22 MP: 0/0
     5 | D:1      | XOM: potion effect (invisibility)
   127 | D:1      | Reached XP level 2. HP: 27/29 MP: 1/1
   293 | D:1      | XOM: divination: detect creatures
   303 | D:1      | Reached XP level 3. HP: 36/36 MP: 2/2
   743 | D:2      | Reached skill level 4 in Unarmed Combat
   743 | D:2      | Reached XP level 4. HP: 44/45 MP: 3/3
   823 | D:2      | Noticed Robin
   844 | D:2      | Killed Robin
   892 | D:2      | XOM: harmless Chrm miscast
   930 | D:2      | Reached XP level 5. HP: 49/53 MP: 4/4
   968 | D:2      | XOM: smoke on damage
   999 | D:2      | XOM: harmless Pois miscast
  1010 | D:2      | Found an iron altar of Okawaru.
  1172 | D:2      | Found a sparkling altar of Nemelex Xobeh.
  1201 | D:2      | Found an ancient bone altar of Kikubaaqudgha.
  1441 | D:3      | XOM: enchant monster (bad)
  1506 | D:3      | XOM: silly message
  1540 | D:3      | XOM: noise
  1540 | D:3      | Noticed Grinder
  1550 | D:3      | Killed Grinder
  1550 | D:3      | Reached skill level 5 in Unarmed Combat
  1550 | D:3      | Reached XP level 6. HP: 54/62 MP: 2/5
  1567 | D:3      | XOM is BORED!
  1567 | D:3      | XOM: noise
  1598 | D:3      | XOM: god gift: emerald ring {god gift}
  1676 | D:3      | Found an ornate altar of the Wu Jian Council.
  1722 | D:3      | Found a bloodstained altar of Trog.
  1873 | D:3      | Found a glowing silver altar of Zin.
  1934 | D:4      | Noticed Edmund
  1936 | D:4      | Found Agecimumo's Antique Armour Emporium.
  1936 | D:4      | XOM: potion effect (invisibility)
  1950 | D:4      | Killed Edmund
  1950 | D:4      | Reached skill level 6 in Unarmed Combat
  1950 | D:4      | Reached XP level 7. HP: 67/70 MP: 6/6
  2114 | D:4      | Found a blossoming altar of Fedhas.
  2203 | D:4      | XOM: divination: magic mapping
  2235 | D:4      | Found a sacrificial altar of Ru.
  2347 | D:4      | Found a stormy altar of Qazlal.
  2598 | D:5      | Entered Level 5 of the Dungeon
  2724 | D:5      | XOM: cloud trail
  2849 | D:5      | Found a staircase to the Ecumenical Temple.
  3025 | D:5      | Reached skill level 1 in Shields
  3025 | D:5      | Reached skill level 7 in Unarmed Combat
  3097 | D:5      | Found a glowing drain.
  3107 | Sewer    | Entered a sewer
  3173 | Sewer    | Reached XP level 8. HP: 78/79 MP: 7/7
  3255 | Sewer    | XOM: mild Erth miscast
  3550 | D:5      | XOM: harmless Fire miscast
  3605 | D:5      | XOM: harmless Air miscast
  3737 | D:5      | XOM is BORED!
  3737 | D:5      | XOM: noise
  3751 | D:5      | XOM: harmless Erth miscast
  3911 | D:6      | Found a deep blue altar of Sif Muna.
  3912 | D:6      | XOM: noise
  4009 | D:6      | Found a hazy altar of Hepliaklqana.
  4041 | D:6      | Reached skill level 5 in Fighting
  4106 | D:6      | Reached skill level 8 in Unarmed Combat
  4144 | D:6      | XOM: enchant monster (good)
  4224 | D:5      | Found a sacrificial altar of Ru.
  4303 | D:6      | XOM: harmless Summ miscast
  4391 | D:7      | Reached XP level 9. HP: 73/88 MP: 8/8
  4434 | D:7      | Reached skill level 9 in Unarmed Combat
  4941 | D:7      | XOM: potion effect (curing)
  5122 | D:7      | XOM: harmless Erth miscast
  5158 | D:8      | Reached skill level 10 in Unarmed Combat
  5179 | D:8      | XOM is BORED!
  5179 | D:8      | XOM: 3-stop teleportation journey
  5683 | D:9      | Found a shimmering altar of Xom.
  5755 | D:9      | Noticed Harold
  5756 | D:9      | Noticed Psyche
  5761 | D:9      | XOM: harmless Tmut miscast
  5763 | D:9      | XOM: potion effect (might)
  5777 | D:9      | Killed Harold
  5777 | D:9      | Reached XP level 10. HP: 90/100 MP: 9/9
  5785 | D:9      | XOM: cleaving
  5785 | D:9      | Found a flagged portal.
  5793 | Bailey   | Entered a bailey
  5870 | Bailey   | XOM: mild Chrm miscast
  5960 | Bailey   | Reached skill level 1 in Throwing
  5980 | Bailey   | Noticed an orc knight
  5980 | Bailey   | Noticed an orc knight
  5981 | Bailey   | Found a burning altar of Makhleb.
  5981 | Bailey   | XOM: polymorph goblin -> leopard gecko
  5984 | Bailey   | XOM: cast spell 'Alistair's Intoxication'
  5988 | Bailey   | XOM: confusion (+ monsters)
  6003 | Bailey   | Killed an orc knight
  6022 | Bailey   | Killed an orc knight
  6049 | Bailey   | XOM: mild Air miscast
  6124 | Bailey   | XOM: harmless Fire miscast
  6200 | D:9      | Killed Psyche
  6205 | D:9      | XOM: potion effect (haste)
  6305 | D:9      | XOM: mild Air miscast
  6318 | D:9      | Noticed Pikel
  6321 | D:9      | XOM: silly message
  6329 | D:9      | XOM: potion effect (curing)
  6330 | D:9      | Killed Pikel
  6330 | D:9      | Reached skill level 5 in Throwing
  6350 | D:9      | Noticed a seven-headed hydra
  6371 | D:10     | Entered Level 10 of the Dungeon
  6422 | D:10     | XOM: potion effect (brilliance)
  6453 | D:10     | Reached skill level 5 in Shields
  6479 | D:10     | Noticed a rust devil
  6489 | D:10     | XOM: mild Fire miscast
  6502 | D:10     | Noticed a soul eater
  6505 | D:10     | XOM: harmless Hex miscast
  6513 | D:10     | XOM: cast spell 'Shadow Creatures'
  6516 | D:10     | XOM: cast spell 'Summon Small Mammal'
  6518 | D:10     | Noticed a sun demon
  6519 | D:10     | XOM: silly message
  6532 | D:10     | Reached skill level 11 in Unarmed Combat
  6595 | D:10     | XOM: medium Air miscast
  6782 | D:10     | Noticed a two-headed ogre
  6788 | D:10     | Killed a two-headed ogre
  6788 | D:10     | Reached XP level 11. HP: 76/109 MP: 10/10
  6915 | D:10     | XOM: mild Air miscast
  7161 | D:10     | Noticed a green ugly thing
  7172 | D:11     | XOM: smoke on damage
  7180 | D:11     | Killed a green ugly thing
  7199 | D:11     | Noticed a green ugly thing
  7200 | D:11     | XOM: cast spell 'Summon Mana Viper'
  7203 | D:11     | Killed a green ugly thing
  7318 | D:11     | Noticed a two-headed ogre
  7326 | D:11     | XOM: cast spell 'Summon Small Mammal'
  7332 | D:11     | XOM: divination: detect items
  8134 | Temple   | Entered the Ecumenical Temple
  8421 | D:9      | Found a staircase to the Lair.
  8446 | Lair:1   | Entered Level 1 of the Lair of Beasts
  8454 | Lair:1   | XOM: divination: detect creatures
  8457 | Lair:1   | XOM: summons 11 friendly demons
  8485 | Lair:1   | HP: 7/163 [electric eel/bolt of electricity (15)]
  8740 | Lair:1   | Noticed a six-headed hydra
  8962 | Lair:2   | Noticed a four-headed hydra
  8966 | Lair:2   | XOM: potion effect (curing)
  8967 | Lair:2   | XOM: summons 9 friendly demons
  8973 | Lair:2   | Killed a five-headed hydra
  9197 | Lair:2   | XOM: cleaving
  9198 | Lair:2   | XOM: fog
  9206 | Lair:2   | XOM: swap monsters
  9236 | Lair:2   | Noticed an eight-headed hydra
  9252 | Lair:2   | Killed an eight-headed hydra
  9332 | Lair:2   | XOM: enchant monster (bad)
  9384 | Lair:1   | XOM: harmless Pois miscast
  9698 | Lair:2   | XOM: fog
  9719 | Lair:2   | Reached skill level 12 in Unarmed Combat
  9810 | Lair:2   | Found a staircase to the Snake Pit.
  9810 | Lair:2   | XOM: fog
  9924 | Lair:2   | XOM: blink monster(s)
  9928 | Lair:2   | XOM: enchant monster (bad)
  9952 | Lair:2   | XOM: noise
  9957 | Lair:2   | Reached XP level 12. HP: 120/120 MP: 11/11
 10270 | Lair:3   | XOM: 2-stop teleportation journey
 10568 | Lair:3   | XOM: potion effect (might)
 10570 | Lair:3   | XOM: summons friendly shadow imp
 10576 | Lair:3   | XOM: destruction
 10649 | Lair:3   | XOM: cleaving
 10772 | Lair:3   | XOM: cast spell 'Call Canine Familiar'
 10864 | Lair:3   | XOM: enchant monster (good)
 10868 | Lair:3   | XOM: cleaving
 11089 | Lair:3   | Found a staircase to the Shoals.
 11368 | Lair:3   | Noticed Gastronok
 11370 | Lair:3   | XOM: harmless Conj miscast
 11398 | Lair:3   | Killed Gastronok
 11402 | Lair:3   | XOM: summons 7 friendly demons
 11443 | Lair:3   | XOM: 2-stop teleportation journey
 11714 | Lair:3   | XOM: give mutation
 11714 | Lair:3   | Gained mutation: You expend magic power (3 MP) to strengthen your wands. [Xom's grace]
 11721 | Lair:3   | XOM: mild Hex miscast
 11853 | Lair:4   | Noticed an eight-headed hydra
 11867 | Lair:4   | XOM: enchant monster (bad)
 11891 | Lair:4   | XOM: cast spell 'Summon Mana Viper'
 12211 | Lair:4   | XOM: potion effect (might)
 12214 | Lair:4   | Killed an eight-headed hydra
 12214 | Lair:4   | Reached skill level 13 in Unarmed Combat
 12214 | Lair:4   | Reached XP level 13. HP: 131/131 MP: 12/12
 12421 | Lair:4   | XOM: mild Tloc miscast
 12502 | Lair:4   | XOM: potion effect (berserk rage)
 12564 | Lair:4   | XOM: smoke on damage
 12890 | Lair:5   | XOM: god gift: ring mail {god gift}
 12939 | Lair:5   | XOM: silly message
 12948 | Lair:5   | XOM: potion effect (agility)
 13110 | Lair:5   | Found a viscous altar of Jiyva.
 13110 | Lair:5   | Found a staircase to the Slime Pits.
 13178 | Lair:5   | XOM: cast spell 'Dispersal'
 13188 | Lair:5   | XOM: potion effect (heal wounds)
 13208 | Lair:5   | XOM: confuse monster(s)
 13210 | Lair:5   | XOM: destruction
 13711 | Lair:6   | Entered Level 6 of the Lair of Beasts
 13712 | Lair:6   | XOM: divination: magic mapping
 13744 | Lair:6   | XOM: divine lightning
 13765 | Lair:6   | XOM: destruction
 13796 | Lair:4   | XOM: god gift: wand of scattershot (5)
 14028 | Lair:5   | Reached skill level 10 in Fighting
 14035 | Lair:5   | XOM: destruction
 14267 | Lair:5   | XOM: give mutations
 14267 | Lair:5   | Gained mutation: You are robust. (+10% HP) [Xom's grace]
 14267 | Lair:5   | Gained mutation: You are partially covered in slimy green scales. (AC +2) [Xom's grace]
 14267 | Lair:5   | Gained mutation: You passively map a small area around you. [Xom's grace]
 14399 | Lair:6   | XOM: divination: magic mapping
 14401 | Lair:6   | XOM: summons 2 friendly demons
 14405 | Lair:6   | Reached skill level 10 in Throwing
 14546 | Lair:6   | XOM: cast spell 'Leda's Liquefaction'
 14551 | Lair:6   | XOM: medium Tmut miscast
 14574 | Lair:6   | XOM: blink monster(s)
 14612 | Lair:6   | XOM: polymorph bullfrog -> jelly
 14643 | Lair:6   | XOM: polymorph bullfrog -> water moccasin
 14728 | Lair:6   | XOM: polymorph blink frog -> eye of draining
 14755 | Lair:6   | XOM: confusion
 14944 | Lair:6   | Noticed Kirke
 14958 | Lair:6   | XOM: 4-stop teleportation journey
 15023 | Lair:6   | XOM: polymorph hog -> blink frog
 15040 | Lair:6   | XOM: blink monster(s)
 15191 | Lair:6   | Killed Kirke
 15191 | Lair:6   | Reached XP level 14. HP: 154/158 MP: 13/13
 15237 | Lair:6   | Noticed Sonja
 15251 | Lair:6   | XOM: scenery: create altars
 15255 | Lair:6   | XOM: blink monster(s)
 15260 | Lair:6   | XOM: enchant monster (bad)
 15279 | Lair:6   | XOM: repel stairs
 15295 | Lair:6   | XOM: 2-stop teleportation journey
 15315 | Lair:6   | XOM: summons 7 friendly demons
 15323 | Lair:6   | Reached skill level 14 in Unarmed Combat
 15479 | Lair:6   | Killed Sonja
 15539 | Lair:6   | XOM: harmless Air miscast
 15807 | Lair:6   | XOM: harmless Necr miscast
 16155 | D:9      | XOM: noise
 16397 | D:9      | XOM: divination: detect creatures
 16525 | D:9      | Found a burning altar of Makhleb.
 16596 | D:9      | XOM is BORED!
 16856 | D:11     | XOM: potion effect (invisibility)
 17220 | D:11     | XOM: give mutation
 17220 | D:11     | Gained mutation: Your spells are a little harder to cast, but a little more powerful. [Xom's grace]
 17283 | D:11     | XOM: smoke on damage
 17589 | D:12     | Reached skill level 10 in Shields
 17710 | D:12     | XOM: summons 2 friendly demons
 17863 | D:12     | Reached skill level 1 in Armour
 17872 | D:12     | Found Qivvehe's Food Boutique.
 17986 | D:12     | Found a staircase to the Orcish Mines.
 18102 | D:13     | Noticed Frances
 18102 | D:13     | XOM: cast spell 'Death Channel'
 18167 | Orc:1    | Entered Level 1 of the Orcish Mines
 18223 | Orc:1    | Found Piteu's Antique Weapon Shop.
 18655 | Orc:1    | XOM: give mutations
 18655 | Orc:1    | Gained mutation: Your system is resistant to poisons. (rPois) [Xom's mischief]
 18655 | Orc:1    | Gained mutation: You are covered in thick fur. (AC +2) [Xom's mischief]
 18655 | Orc:1    | Gained mutation: Scrolls take you a little longer to read. [Xom's mischief]
 18655 | Orc:1    | Lost mutation: You are robust. (+10% HP) [Xom's mischief]
 18682 | Orc:2    | Entered Level 2 of the Orcish Mines
 18785 | Orc:2    | Found Oczuul's Antique Weapon Shop.
 18786 | Orc:2    | XOM: scenery: create altars
 19057 | Orc:2    | XOM: enchant monster (good)
 19130 | Orc:2    | Found Dixoept's Antique Armour Shoppe.
 19135 | Orc:2    | Found a staircase to the Elven Halls.
 19152 | Orc:2    | Found Nehelaf's Jewellery Boutique.
 19152 | Orc:2    | Noticed an orc warlord
 19161 | Orc:2    | XOM: noise
 19233 | Orc:2    | Found Heireqot's General Store.
 19236 | Orc:2    | XOM: mild Tloc miscast
 19310 | Orc:1    | XOM: give mutations
 19310 | Orc:1    | Gained mutation: Your movements are slightly less encumbered by armour. (ER -2) [Xom's grace]
 19310 | Orc:1    | Lost mutation: Scrolls take you a little longer to read. [Xom's grace]
 19310 | Orc:1    | Gained mutation: You have supernaturally acute eyesight. (SInv) [Xom's grace]
 19310 | Orc:1    | Gained mutation: You possess an exceptional clarity of mind. [Xom's grace]
 19563 | Orc:2    | Found a roughly hewn altar of Beogh.
 19829 | Orc:2    | Bought a +6 ring of slaying for 2300 gold pieces
 19831 | Orc:2    | XOM: destruction
 20152 | D:12     | XOM: medium Summ miscast
 20178 | D:12     | Killed Frances
 20218 | D:13     | XOM: noise
 20221 | D:12     | XOM: summons friendly iron imp
 20284 | D:13     | XOM: summons 7 hostile demons
 20624 | D:13     | Reached XP level 15. HP: 135/154 MP: 14/14
 20723 | D:13     | XOM: give mutations
 20723 | D:13     | Lost mutation: You are partially covered in slimy green scales. (AC +2) [Xom's mischief]
 20723 | D:13     | Lost mutation: You expend magic power (3 MP) to strengthen your wands. [Xom's mischief]
 20723 | D:13     | Lost mutation: Your system is resistant to poisons. (rPois) [Xom's mischief]
 20723 | D:13     | Gained mutation: You are frail. (-10% HP) [Xom's mischief]
 20827 | D:13     | Identified 3 scrolls of acquirement
 20852 | D:13     | Got a faintly humming large shield
 20860 | D:13     | XOM: summons 1 hostile shadow creature
 20863 | D:13     | Identified the +0 large shield of the Beginning {Dex+4} (You acquired it on level 13 of the Dungeon)
 20870 | D:13     | Got a heavily runed large shield
 20881 | D:13     | Identified the +0 large shield of Zarut {rC+ Str+3 Stlth+} (You acquired it on level 13 of the Dungeon)
 21107 | D:14     | Found a gate to the Vaults.
 21107 | D:14     | Noticed Rupert
 21107 | D:14     | Noticed Nessos
 21120 | D:13     | XOM: enchant monster (good)
 21412 | D:14     | Killed Nessos
 21545 | D:14     | Killed Rupert
 21872 | D:14     | XOM: cloud trail
 22148 | D:14     | XOM: give mutation
 22148 | D:14     | Gained mutation: You are agile. (Dex +2) [Xom's grace]
 22158 | D:15     | Entered Level 15 of the Dungeon
 22451 | D:15     | XOM: potion effect (might)
 22463 | D:14     | Reached skill level 15 in Unarmed Combat
 22563 | D:15     | Noticed Azrael
 22569 | D:14     | XOM: fake destruction
 22767 | D:15     | Killed Azrael
 22875 | D:15     | Found a glowing silver altar of Zin.
 22994 | D:15     | XOM: polymorph ogre mage -> mana viper
 22998 | D:15     | XOM: enchant monster (good)
 23003 | D:15     | XOM: confuse monster(s)
 23006 | D:15     | XOM: divination: detect creatures
 23028 | D:15     | XOM: enchant monster (bad)
 23047 | D:15     | XOM: noise
 23076 | D:15     | XOM: cast spell 'Alistair's Intoxication'
 23084 | D:15     | XOM: cast spell 'Summon Ice Beast'
 23104 | D:15     | Reached skill level 5 in Armour
 23123 | D:15     | XOM: cast spell 'Olgreb's Toxic Radiance'
 23143 | D:15     | XOM: noise
 23163 | D:15     | XOM: enchant monster (good)
 23294 | D:14     | XOM: smoke on damage
 23379 | D:15     | XOM: enchant monster (bad)
 23467 | D:14     | XOM: give mutation
 23467 | D:14     | Gained mutation: Your body sometimes deteriorates upon taking damage. [Xom's mischief]
 23549 | D:14     | XOM: summons 7 hostile demons
 23625 | D:15     | XOM: harmless Tloc miscast
 23627 | D:15     | XOM: summons friendly shadow imp
 23885 | D:15     | XOM: mild Conj miscast
 23920 | D:15     | Found a staircase to the Depths.
 24064 | D:15     | XOM: smoke on damage
 24068 | D:15     | XOM: enchant monster (good)
 24410 | Lair:1   | XOM: mild Necr miscast
 24483 | Shoals:1 | Entered Level 1 of the Shoals
 24493 | Shoals:1 | Reached XP level 16. HP: 135/147 MP: 15/15
 24534 | Shoals:1 | XOM: give mutation
 24534 | Shoals:1 | Lost mutation: You are frail. (-10% HP) [Xom's mischief]
 24609 | Shoals:1 | Found a flickering gateway to a bazaar.
 24621 | Bazaar   | Entered a bazaar
 24635 | Bazaar   | Found Bash's Antique Armour Shoppe.
 24650 | Bazaar   | Found Imotaste's Antique Weapon Shoppe.
 24665 | Bazaar   | Found Bijoicw's Book Shoppe.
 24665 | Bazaar   | Found Voaloy's Weapon Emporium.
 24688 | Bazaar   | XOM: summons 1 hostile demon
 24689 | Bazaar   | XOM: noise
 24709 | Bazaar   | Bought a book of Battle for 520 gold pieces
 24888 | Shoals:1 | XOM: swap monsters
 25000 | Shoals:1 | XOM: silly message
 25161 | Shoals:1 | XOM: harmless Tmut miscast
 25251 | Shoals:1 | XOM: mild Tloc miscast
 25376 | Shoals:1 | XOM: silly message
 25595 | Shoals:2 | XOM: cloud trail
 25614 | Shoals:2 | XOM: noise
 26244 | Shoals:3 | XOM: harmless Tmut miscast
 26307 | Shoals:3 | XOM: harmless Tloc miscast
 26407 | Shoals:3 | Reached XP level 17. HP: 173/173 MP: 16/16
 26590 | Shoals:3 | XOM is BORED!
 26796 | Shoals:4 | Entered Level 4 of the Shoals
 26854 | Shoals:4 | XOM: polymorph sea snake -> elephant
 26876 | Shoals:4 | XOM: enchant monster (good)
 26950 | Shoals:4 | XOM: give mutations
 26950 | Shoals:4 | Lost mutation: Your body sometimes deteriorates upon taking damage. [Xom's mischief]
 26950 | Shoals:4 | Gained mutation: Your flesh is cold resistant. (rC+) [Xom's mischief]
 26979 | Shoals:4 | XOM: enchant monster (good)
 26980 | Shoals:4 | XOM: enchant monster (good)
 26981 | Shoals:4 | XOM: destruction
 26993 | Shoals:4 | XOM: medium Tloc miscast
 26995 | Shoals:4 | Killed from afar by a water nymph

Skill      XL: |  1  2  3  4  5  6  7  8  9 10 11 12 13 14 15 16 |
---------------+-------------------------------------------------+-----
Dodging        | 2 3 4 6 |  6.1
Fighting       | 3 4 5 6 7 8 9 10 11 12 | 12.4
Unarmed Combat | 4 5 6 7 8 10 11 12 13 14 15 | 15.8
Shields        | 1 3 4 5 7 8 9 10 11 | 11.8
Throwing       | 6 7 9 10 11 12 | 12.8
Armour         | 3 5 6 |  6.6

Action                   |  1- 3 |  4- 6 |  7- 9 | 10-12 | 13-15 | 16-18 || total
-------------------------+-------+-------+-------+-------+-------+-------++-------
Melee: Unarmed           |    79 |   185 |   481 |   580 |  1461 |   183 ||  2969
       Punch             |       |     7 |     2 |       |       |       ||     9
Throw: Tomahawk          |       |       |       |     7 |    29 |       ||    36
       Large rock        |       |       |       |       |   101 |   112 ||   213
Evoke: Wand              |       |       |       |    23 |    24 |    10 ||    57
       Sack of spiders   |       |       |       |     1 |       |       ||     1
       Phantom mirror    |       |       |       |     1 |       |       ||     1
  Use: Scroll            |       |       |    10 |     4 |    18 |     6 ||    38
       Potion            |       |       |     2 |    20 |    10 |     8 ||    40
 Stab: Invisible         |     1 |     6 |       |       |     2 |       ||     9
       Distracted        |       |     1 |     1 |     2 |     4 |       ||     8
       Sleeping          |       |     1 |     1 |     1 |     4 |     2 ||     9
       Petrified         |       |       |     2 |       |       |       ||     2
       Confused          |       |       |       |     2 |     2 |       ||     4
       Paralysed         |       |       |       |       |     7 |       ||     7
  Eat: Chunk             |    12 |    12 |    36 |    59 |   114 |    26 ||   259
       Ration            |       |       |       |       |     1 |       ||     1
Armor: Robe              |    31 |    71 |   116 |   114 |   101 |       ||   433
       Skin              |       |       |       |    13 |    16 |       ||    29
       Troll leather arm |       |       |       |       |    44 |       ||    44
       Steam dragon scal |       |       |       |       |    25 |       ||    25
       Acid dragon scale |       |       |       |       |   116 |    52 ||   168
Dodge: Dodged            |    40 |   104 |   148 |   215 |   273 |    73 ||   853
Block: Shield            |       |       |   153 |   296 |     4 |       ||   453
       Large shield      |       |       |       |       |  1268 |   209 ||  1477
